[Event "Sparkassen Open 2018"]
[Site "Heusenstamm"]
[Date "2018.11.23"]
[Round "2"]
[White "Dickel, Jens"]
[Black "Hirneise, Jens"]
[Result "0-1"]
[ECO "E77"]
[WhiteElo "2077"]
[BlackElo "2370"]
[Annotator "broadcasts RC"]
[PlyCount "86"]
[EventDate "2018.11.22"]
[EventType "swiss"]
[EventCountry "GER"]
[TimeControl "40/5400+30:1800+30"]

1. d4 Nf6 2. c4 g6 3. Nc3 Bg7 4. e4 d6 5. f4 O-O 6. Nf3 c5 7. d5 e6 8. Be2 exd5 9. cxd5 Bg4 10. O-O Nbd7 11. a4 Ne8 12. Bd2 Rb8 13. Ng5 Bxe2 14. Qxe2 a6 15. Rae1 c4 16. Qxc4 Qb6+ 17. Be3 Qxb2 18. Nd1 Qf6 19. e5 dxe5 20. fxe5 Qxe5 21. Nf2 h5 22. Nd3 Qc3 23. Rc1 Qxc4 24. Rxc4 Nef6 25. Rb1 Nxd5 26. Ba7 b5 27. axb5 axb5 28. Rc6 Rb7 29. Bf2 Re8 30. Nf3 Bf8 31. Nc5 Nxc5 32. Bxc5 Rc7 33. Rxc7 Nxc7 34. Bb6 Nd5 35. Bd4 b4 36. Kf1 Bg7 37. Rb3 Bxd4 38. Nxd4 Re4 39. Nc2 Rc4 40. Ne1 Rc3 41. Rb1 Kf8 42. Ke2 Ke7 43. Kd2 Rc4 0-1

[Event "Sparkassen Open 2018"]
[Site "Heusenstamm"]
[Date "2018.11.23"]
[Round "3"]
[White "Barski, Radoslaw"]
[Black "Hebbering, Tom Elliot"]
[Result "1-0"]
[ECO "C92"]
[WhiteElo "2459"]
[BlackElo "2199"]
[Annotator "broadcasts RC"]
[PlyCount "79"]
[EventDate "2018.11.22"]
[EventType "swiss"]
[EventCountry "GER"]
[TimeControl "40/5400+30:1800+30"]

1. e4 e5 2. Nf3 Nc6 3. Bb5 a6 4. Ba4 Nf6 5. O-O Be7 6. Re1 b5 7. Bb3 d6 8. c3 O-O 9. h3 Bb7 10. d4 Re8 11. Nbd2 Bf8 12. a3 h6 13. Bc2 Nb8 14. b4 Nbd7 15. Bd3 c6 16. Bb2 a5 17. dxe5 Nxe5 18. Nxe5 dxe5 19. Nb3 axb4 20. cxb4 Rc8 21. Qe2 Bd6 22. Bc1 Qe7 23. Be3 Nd7 24. Red1 Red8 25. Rac1 Ba8 26. Rc3 Nf8 27. Rdc1 Rb8 28. Na5 Ne6 29. g3 Nd4 30. Bxd4 exd4 31. Nxc6 Bxc6 32. Rxc6 Qa7 33. e5 Be7 34. Qe4 g6 35. Rxg6+ fxg6 36. Qxg6+ Kf8 37. Qxh6+ Ke8 38. Bg6+ Kd7 39. Bf5+ Ke8 40. Qh5+ 1-0

[Event "Sparkassen Open 2018"]
[Site "Heusenstamm"]
[Date "2018.11.24"]
[Round "4"]
[White "Schulze, Lara"]
[Black "Andreev, Eduard"]
[Result "1/2-1/2"]
[ECO "B90"]
[WhiteElo "2167"]
[BlackElo "2425"]
[Annotator "NA RC"]
[PlyCount "134"]
[EventDate "2018.11.22"]
[EventType "swiss"]
[EventCountry "GER"]
[SourceTitle "playchess.com"]
[Source "ChessBase"]
[SourceQuality "1"]
[TimeControl "40/5400+30:1800+30"]

1. e4 c5 2. Nf3 d6 3. d4 cxd4 4. Nxd4 Nf6 5. Nc3 a6 6. Bc4 e6 7. Bb3 Nc6 8. Be3 Qc7 9. O-O Na5 10. Qf3 {[%emt 0:10:45] LiveBook: 3 Games B88: Sicilian: Sozin Attack} (10. f4 Be7 11. Qf3 O-O 12. f5 Nxb3 13. axb3 Bd7 14. g4 d5 15. exd5 Nxd5 16. Nxd5 exd5 17. c3 Rfe8 18. Bf4 Qb6 19. Qxd5 Bc6 20. Qa5 Qa7 21. b4 {0-1 (30) Kravtsiv,M (2511)-Areshchenko,A (2657) Alushta 2009}) 10... b5 11. a3 Bb7 12. Rad1 $146 ({Predecessor:} 12. Bg5 Nxb3 13. cxb3 Be7 14. Rac1 Qd7 15. Qg3 Rc8 16. f3 O-O 17. Bh6 Ne8 {0-1 (38) Goes,S (2101)-Groetz,H (2405) Leiden 2008}) 12... Nc4 {[%emt 0:13:51] [#]} (12... Nxb3 $11 13. cxb3 (13. Nxb3 Be7 $11) 13... Rc8) 13. Bxc4 (13. Bg5 $1 $16) 13... Qxc4 14. Qg3 h5 (14... Bxe4 $11 15. Rfe1 (15. Nxe4 Nxe4 16. Qf4 Nf6 $11) 15... Bb7) 15. Bg5 Qc5 16. Rfe1 Ng4 17. Bc1 g6 18. h3 Ne5 19. f4 h4 (19... Nc4 $11) 20. Qf2 Nc4 21. f5 (21. b3 $5 ) 21... gxf5 22. exf5 e5 23. Ne4 ({White should try} 23. b3 $1 $11 Nxa3 24. Ne4 Bxe4 25. Rxe4) 23... Bxe4 $1 24. Rxe4 d5 25. Re2 O-O-O 26. Nf3 Qxf2+ 27. Kxf2 f6 28. b3 Nd6 29. Rxd5 Nxf5 ({Black should play} 29... Ne4+ $1 $17 30. Rxe4 Rxd5) 30. Rxd8+ Kxd8 31. b4 Kd7 32. c4 bxc4 33. Rc2 e4 34. Ng1 Bd6 35. Rxc4 Bg3+ 36. Kf1 Nd6 37. Rc5 Be5 38. Ne2 Rh5 39. Ra5 Rf5+ 40. Ke1 Bg3+ 41. Nxg3 Rxa5 42. bxa5 hxg3 43. h4 Ke6 44. Bf4 Nc4 45. Bxg3 Nxa5 46. Ke2 Nc4 47. a4 Kf5 48. Be1 Kg4 49. a5 f5 50. g3 Ne5 51. Bb4 Nc6 ({Of course not} 51... Kxg3 $6 52. Bd6 $16) 52. Be1 Nd4+ 53. Kf2 Ne6 54. Ke3 Ng7 55. Ke2 Nh5 56. Bf2 Kh3 57. Be1 Kg4 58. Bf2 Nf6 59. Be1 Nd5 60. Bf2 Nb4 61. Be1 Nd3 62. Bf2 Nc1+ $11 63. Ke3 Nd3 64. Ke2 Ne5 65. Be1 Nd7 66. Bf2 Nf6 67. Be1 Nh5 1/2-1/2

[Event "Sparkassen Open 2018"]
[Site "Heusenstamm"]
[Date "2018.11.24"]
[Round "5"]
[White "Sadzikowski, Daniel"]
[Black "Schulze, Lara"]
[Result "1-0"]
[ECO "A05"]
[WhiteElo "2544"]
[BlackElo "2167"]
[Annotator "RC"]
[PlyCount "45"]
[EventDate "2018.11.22"]
[EventType "swiss"]
[EventCountry "GER"]
[SourceTitle "playchess.com"]
[Source "ChessBase"]
[SourceQuality "1"]
[TimeControl "40/5400+30:1800+30"]

1. Nf3 Nf6 2. c4 e6 3. Nc3 c5 4. g3 d5 5. cxd5 Nxd5 6. Bg2 Nc6 7. O-O Nc7 8. d3 Be7 9. Be3 O-O 10. d4 cxd4 11. Nxd4 Nxd4 12. Bxd4 Na6 13. a3 Bf6 14. Bxf6 Qxf6 15. Qb3 Rb8 16. Nb5 Qe5 17. Nxa7 Bd7 18. Rac1 Qxe2 19. Rfd1 Bc6 20. Nxc6 bxc6 21. Qc2 Qxc2 22. Rxc2 Rb6 23. Rxc6 1-0

[Event "Sparkassen Open 2018"]
[Site "Heusenstamm"]
[Date "2018.11.24"]
[Round "5"]
[White "Milov, Leonid"]
[Black "Lisanti, Andre"]
[Result "1-0"]
[ECO "C67"]
[WhiteElo "2481"]
[BlackElo "2209"]
[Annotator "ChessBase"]
[PlyCount "63"]
[EventDate "2018.11.22"]
[EventType "swiss"]
[EventCountry "GER"]
[SourceTitle "playchess.com"]
[Source "ChessBase"]
[SourceQuality "1"]
[TimeControl "40/5400+30:1800+30"]

1. e4 e5 2. Nf3 Nc6 3. Bb5 Nf6 4. O-O Nxe4 5. d4 Nd6 6. Bxc6 dxc6 7. dxe5 Nf5 8. Qxd8+ Kxd8 9. Nc3 h6 10. h3 a5 11. Bf4 Be6 12. g4 Ne7 13. Nd4 Ng6 14. Bg3 h5 15. Nxe6+ fxe6 16. Ne4 Be7 17. f4 hxg4 18. hxg4 Bh4 19. Bh2 Re8 20. Nc5 b6 21. Nxe6+ Rxe6 22. f5 Re7 23. fxg6 Kd7 24. Rf5 Rh8 25. Raf1 Ke6 26. Rh5 Rxh5 27. gxh5 Rd7 28. Kg2 Rd2+ 29. Kh3 Bg5 30. Bf4 Bxf4 31. Rxf4 Kxe5 32. Rf7 1-0

[Event "Sparkassen Open 2018"]
[Site "Heusenstamm"]
[Date "2018.11.24"]
[Round "5"]
[White "Bethke, Richard"]
[Black "Hacker, Jonas"]
[Result "0-1"]
[ECO "C50"]
[WhiteElo "2192"]
[BlackElo "2350"]
[Annotator "NA"]
[PlyCount "56"]
[EventDate "2018.11.22"]
[EventType "swiss"]
[EventCountry "GER"]
[SourceTitle "playchess.com"]
[Source "ChessBase"]
[SourceQuality "1"]
[TimeControl "40/5400+30:1800+30"]

1. e4 e5 2. Nf3 Nc6 3. Bc4 Nf6 4. d3 Bc5 5. O-O d6 6. a4 a6 7. Re1 O-O 8. Bg5 h6 9. Bh4 Bg4 10. c3 g5 11. Bg3 Nh5 12. Bd5 Qf6 13. Nbd2 Nd8 14. Qc2 c6 15. Ba2 Ba7 16. d4 Nxg3 17. dxe5 dxe5 18. hxg3 Ne6 19. Bc4 Rad8 20. Be2 h5 21. b4 Bxf3 22. gxf3 g4 23. Rf1 Qg5 24. Rad1 h4 25. Kg2 hxg3 26. fxg3 gxf3+ 27. Rxf3 Nf4+ 28. Kf1 Qh5 0-1

[Event "Sparkassen Open 2018"]
[Site "Heusenstamm"]
[Date "2018.11.24"]
[Round "5"]
[White "Adocchio, Giampiero"]
[Black "Paszewski, Mateusz"]
[Result "0-1"]
[ECO "B76"]
[WhiteElo "2171"]
[BlackElo "2346"]
[Annotator "NA"]
[PlyCount "84"]
[EventDate "2018.11.22"]
[EventType "swiss"]
[EventCountry "GER"]
[SourceTitle "playchess.com"]
[Source "ChessBase"]
[SourceQuality "1"]
[TimeControl "40/5400+30:1800+30"]

1. e4 c5 2. Nf3 d6 3. d4 cxd4 4. Nxd4 Nf6 5. Nc3 g6 6. Be3 Bg7 7. f3 O-O 8. Qd2 Nc6 9. O-O-O d5 10. Qe1 e5 11. Nxc6 bxc6 12. exd5 Nxd5 13. Bc4 Be6 14. Kb1 a5 15. a4 Rb8 16. Ne4 Qc7 17. Bc5 Rfd8 18. Bb3 f5 19. Ng5 Bc8 20. h4 h6 21. Nh3 Be6 22. Nf2 Nf4 23. Rxd8+ Qxd8 24. Bxe6+ Nxe6 25. Ba3 Qd4 26. Qd1 e4 27. Qxd4 Bxd4 28. Nd1 e3 29. c3 Bb6 30. Re1 f4 31. g3 g5 32. hxg5 hxg5 33. gxf4 gxf4 34. Be7 Kf7 35. Bd6 Rd8 36. Bxf4 Rxd1+ 37. Rxd1 Nxf4 38. Kc2 e2 39. Rh1 Bf2 40. Kd2 e1=Q+ 41. Rxe1 Bxe1+ 42. Kxe1 Nd3+ 0-1

[Event "Sparkassen Open 2018"]
[Site "Heusenstamm"]
[Date "2018.11.25"]
[Round "6"]
[White "Noe, Christopher"]
[Black "Hirneise, Jens"]
[Result "1-0"]
[ECO "E94"]
[WhiteElo "2529"]
[BlackElo "2370"]
[Annotator "ChessBase"]
[PlyCount "83"]
[EventDate "2018.11.22"]
[EventType "swiss"]
[EventCountry "GER"]
[SourceTitle "playchess.com"]
[Source "ChessBase"]
[SourceQuality "1"]
[TimeControl "40/5400+30:1800+30"]

1. d4 Nf6 2. c4 g6 3. Nc3 Bg7 4. e4 d6 5. Nf3 O-O 6. Be2 e5 7. O-O exd4 8. Nxd4 Re8 9. f3 Nc6 10. Be3 Nh5 11. Qd2 Nf4 12. Nxc6 Nxe2+ 13. Nxe2 bxc6 14. Bd4 Bxd4+ 15. Nxd4 c5 16. Nb5 Bd7 17. Nc3 Bc6 18. Rab1 Qd7 19. b4 cxb4 20. Rxb4 Reb8 21. Rxb8+ Rxb8 22. Qd4 Rb6 23. c5 dxc5 24. Qxc5 Qd6 25. Qe3 Qa3 26. Rd1 Rb8 27. Qd4 Qa6 28. Qf6 Qb6+ 29. Kh1 Qc5 30. h3 a5 31. Kh2 Re8 32. Ne2 Ba4 33. Rd5 Qb6 34. Qc3 Ra8 35. Nf4 Be8 36. h4 Qc6 37. Qd4 Qa4 38. Qe5 Qc6 39. h5 f6 40. Qe7 Bf7 41. Rd7 Qc4 42. Nd5 1-0

[Event "Sparkassen Open 2018"]
[Site "Heusenstamm"]
[Date "2018.11.25"]
[Round "6"]
[White "Barski, Radoslaw"]
[Black "Gschnitzer, Adrian"]
[Result "1-0"]
[ECO "B31"]
[WhiteElo "2459"]
[BlackElo "2365"]
[Annotator "RC"]
[PlyCount "79"]
[EventDate "2018.11.22"]
[EventType "swiss"]
[EventCountry "GER"]
[SourceTitle "playchess.com"]
[Source "ChessBase"]
[SourceQuality "1"]
[TimeControl "40/5400+30:1800+30"]

1. e4 c5 2. Nf3 Nc6 3. Bb5 g6 4. Bxc6 bxc6 5. d4 Ba6 6. dxc5 Bg7 7. Nbd2 Qa5 8. Rb1 Qxc5 9. b4 Qb6 10. c4 d6 11. O-O Nf6 12. Bb2 O-O 13. a4 c5 14. b5 Bb7 15. Qc2 Rfd8 16. Rfe1 Nh5 17. Bxg7 Nxg7 18. Nf1 e5 19. Qd2 Qc7 20. a5 f5 21. Ng5 h6 22. a6 hxg5 23. axb7 Qxb7 24. Qxg5 Kf7 25. exf5 Nxf5 26. Ne3 Qe7 27. Qg4 Qe6 28. Nd5 Rd7 29. Qf3 Kg7 30. b6 Rb8 31. Nc7 Qxc4 32. bxa7 Rxb1 33. Rxb1 Nd4 34. Ne8+ Kg8 35. Nf6+ Kg7 36. Ne8+ Kg8 37. a8=Q Nxf3+ 38. Qxf3 Qc2 39. Rf1 Rf7 40. Qd5 1-0

[Event "Sparkassen Open 2018"]
[Site "Heusenstamm"]
[Date "2018.11.25"]
[Round "6"]
[White "Gritsak, Orest"]
[Black "Enchev, Ivajlo"]
[Result "1-0"]
[ECO "A13"]
[WhiteElo "2457"]
[BlackElo "2496"]
[Annotator "ChessBase"]
[PlyCount "103"]
[EventDate "2018.11.22"]
[EventType "swiss"]
[EventCountry "GER"]
[SourceTitle "playchess.com"]
[Source "ChessBase"]
[SourceQuality "1"]
[TimeControl "40/5400+30:1800+30"]

1. c4 e6 2. Nf3 d5 3. e3 Nf6 4. b3 a6 5. Bb2 c5 6. a3 Nc6 7. cxd5 exd5 8. d4 Bg4 9. Be2 Bd6 10. dxc5 Bxc5 11. O-O O-O 12. Nc3 Ba7 13. b4 Qd6 14. h3 Bxf3 15. Bxf3 Rad8 16. Ne2 Ne5 17. Ng3 Bb8 18. Re1 Nc4 19. Bd4 Rfe8 20. Re2 Ne4 21. Nf1 Re6 22. Rc2 b5 23. g3 Rg6 24. Bg2 Qe6 25. a4 Bd6 26. axb5 axb5 27. Rca2 h6 28. Ra8 Rxa8 29. Rxa8+ Kh7 30. h4 Qf5 31. Qf3 Qd7 32. Ra7 Bc7 33. Qh5 Rc6 34. Bxe4+ dxe4 35. Qxb5 Nd2 36. Nxd2 Rc1+ 37. Qf1 Qc6 38. b5 Qc2 39. Qxc1 Qxc1+ 40. Nf1 f6 41. Bxf6 gxf6 42. b6 Kg6 43. Rxc7 Qb1 44. b7 Kh5 45. Rg7 f5 46. Kg2 Qb2 47. Rf7 Kg6 48. Rd7 Kh5 49. Nd2 Kg4 50. Nc4 Qb1 51. Ne5+ Kh5 52. Rf7 1-0

[Event "Sparkassen Open 2018"]
[Site "Heusenstamm"]
[Date "2018.11.25"]
[Round "6"]
[White "Gutman, Lev"]
[Black "Schulze, Lara"]
[Result "1-0"]
[ECO "A05"]
[WhiteElo "2434"]
[BlackElo "2167"]
[Annotator "NA"]
[PlyCount "108"]
[EventDate "2018.11.22"]
[EventType "swiss"]
[EventCountry "GER"]
[SourceTitle "playchess.com"]
[Source "ChessBase"]
[SourceQuality "1"]
[TimeControl "40/5400+30:1800+30"]

1. Nf3 Nf6 2. g3 b5 3. Bg2 Bb7 4. O-O e6 5. c3 c5 {[%emt 0:00:06] LiveBook: 67 Games} 6. d4 Be7 7. Na3 {[%emt 0:05:48] A46: 1 d4 Nf6 2 Nf3 e6: Torre, London and Colle Systems} (7. Bg5 Na6 8. e3 O-O 9. Nbd2 h6 10. Bxf6 Bxf6 11. Qe2 Qb6 12. a4 b4 13. a5 Qc7 14. Rfc1 bxc3 15. bxc3 Rfc8 16. Ne1 Bxg2 17. Kxg2 {1-0 (55) Georgiev,K (2623)-Fedorchuk,S (2648) Riadh 2017}) 7... a6 8. Nc2 O-O 9. a4 d6 $146 ({Predecessor:} 9... bxa4 10. Rxa4 d5 11. dxc5 Ne4 12. Be3 Nd7 13. Ra2 Ndxc5 14. Ne5 Qc7 {½-½ (46) Mezentsev,I (2220)-Virovlansky,S (2425) Golden Sands 2015}) 10. axb5 axb5 11. Rxa8 Bxa8 12. Na3 (12. dxc5 $11 dxc5 13. Qxd8 Rxd8 14. Ne5) 12... b4 13. cxb4 cxb4 14. Nc2 Bxf3 (14... Qb6 $15) 15. Bxf3 d5 16. Qd3 Qb6 17. Be3 Rc8 18. Ra1 Nc6 19. Qa6 Qxa6 20. Rxa6 Nb8 21. Ra8 Nfd7 22. Ne1 Nb6 23. Ra7 Nc6 24. Rb7 Nc4 25. Nd3 Kf8 26. Bh5 g6 27. Bg4 Ra8 28. Bh6+ Ke8 29. e3 N6a5 $11 (29... Ra2 $15) 30. Rb5 Nd6 31. Rxb4 Nf5 32. Ra4 Nxh6 33. Be2 Ra7 34. Ne5 f6 35. Bb5+ Kd8 36. Rxa5 Rxa5 37. Nc6+ Kc7 38. Nxa5 Kb6 39. Nc6 Kxb5 40. Nxe7 Kb4 41. Nc6+ Kb3 42. Nd8 e5 43. Ne6 Kxb2 44. Nc7 exd4 45. exd4 Nf5 46. Nxd5 Nxd4 47. Nxf6 h5 48. h4 Nf5 49. Kg2 Kc3 50. Kf3 Kd4 51. Kf4 Ne7 52. Nd7 Kd5 53. Nf8 Kd6 54. Kg5 Kd5 1-0

[Event "Sparkassen Open 2018"]
[Site "Heusenstamm"]
[Date "2018.11.25"]
[Round "6"]
[White "Fruebing, Stefan"]
[Black "Kersten, Uwe"]
[Result "1/2-1/2"]
[ECO "B51"]
[WhiteElo "2406"]
[BlackElo "2233"]
[Annotator "NA"]
[PlyCount "28"]
[EventDate "2018.11.22"]
[EventType "swiss"]
[EventCountry "GER"]
[SourceTitle "playchess.com"]
[Source "ChessBase"]
[SourceQuality "1"]
[TimeControl "40/5400+30:1800+30"]

1. e4 c5 2. Nf3 d6 3. Bb5+ Nd7 4. O-O Ngf6 5. Re1 a6 6. Bd3 Qc7 {[%emt 0:06:51] LiveBook: 13 Games} 7. a4 b6 8. b3 Bb7 9. Bb2 e5 10. Nc3 g6 $11 11. Bc4 Bg7 12. Nd5 Nxd5 13. Bxd5 Bxd5 14. exd5 O-O 1/2-1/2

[Event "Sparkassen Open 2018"]
[Site "Heusenstamm"]
[Date "2018.11.25"]
[Round "6"]
[White "Hacker, Jonas"]
[Black "Boos, Markus"]
[Result "1-0"]
[ECO "B33"]
[WhiteElo "2350"]
[BlackElo "2166"]
[Annotator "NA"]
[PlyCount "109"]
[EventDate "2018.11.22"]
[EventType "swiss"]
[EventCountry "GER"]
[SourceTitle "playchess.com"]
[Source "ChessBase"]
[SourceQuality "1"]
[TimeControl "40/5400+30:1800+30"]

1. e4 c5 2. Nf3 Nc6 3. d4 cxd4 4. Nxd4 Nf6 5. Nc3 e5 6. Ndb5 d6 7. Bg5 a6 8. Na3 b5 9. Bxf6 gxf6 10. Nd5 Bg7 11. Bd3 Ne7 12. Nxe7 Qxe7 13. c4 f5 14. O-O ({Much weaker is} 14. cxb5 d5 $15) 14... O-O 15. Qh5 Rb8 16. exf5 e4 17. Rae1 Bb7 18. Qg4 bxc4 {[%emt 0:06:14] LiveBook: 3 Games B33: Sicilian: Pelikan and Sveshnikov Variations} (18... Rfe8 19. cxb5 d5 20. bxa6 Bc6 21. b3 Kh8 22. Nc2 Bc3 23. Qh3 Qf6 24. Be2 d4 25. Bc4 Rg8 26. g3 Rbe8 27. Rd1 e3 28. fxe3 dxe3 29. Be2 Re4 30. Qg2 Re7 31. Qh3 Re4 32. Qg2 Re7 33. Qh3 {½-½ (33) Shirov,A (2723)-Carlsen,M (2810) Wijk aan Zee 2010}) 19. Bxe4 Bxe4 (19... h5 $142 20. f6 Qxf6 21. Qxh5 Bxe4 $14 22. Rxe4 Rxb2) 20. Rxe4 Qf6 21. Rxc4 Rxb2 22. Rc6 Qd4 $146 ({Predecessor:} 22... Rxa2 23. Rxa6 Kh8 24. Qc4 Qb2 25. Nb1 Rxa6 26. Qxa6 {½-½ (56) Mekhitarian,K (2421)-Zambrana,O (2425) Santos 2006}) 23. Qg3 Qe5 24. Rxd6 Qxg3 25. hxg3 Rc8 26. Rfd1 Bc3 27. Rc1 Rc7 28. Rxa6 Rxa2 29. Nb5 Rxa6 30. Nxc7 Ra3 31. Nb5 Ra1 32. Rxa1 Bxa1 33. Nd6 Kg7 34. Ne4 Bd4 (34... Be5 $142 35. g4 h6) 35. g4 $18 Be5 36. f3 Bd4+ 37. Kf1 Be5 38. Ke2 Bd4 39. Kd3 Be5 40. Kc4 Bb2 41. Kd5 Ba3 42. Kc6 Bb4 43. Kd7 Ba3 44. Ke8 h6 45. Ng3 Bb2 46. Nh5+ Kg8 47. Kd7 Bd4 48. Kd6 Kf8 49. Kd5 Bc3 50. f6 Ke8 51. Ke4 Kd7 52. Kf5 Kd6 53. Ng3 Be5 54. Ne4+ Kd5 55. g5 1-0

[Event "Sparkassen Open 2018"]
[Site "Heusenstamm"]
[Date "2018.11.25"]
[Round "6"]
[White "Euler, Gerd"]
[Black "Henrich, David"]
[Result "0-1"]
[ECO "B07"]
[WhiteElo "2297"]
[BlackElo "2141"]
[Annotator "NA"]
[PlyCount "168"]
[EventDate "2018.11.22"]
[EventType "swiss"]
[EventCountry "GER"]
[SourceTitle "playchess.com"]
[Source "ChessBase"]
[SourceQuality "1"]
[TimeControl "40/5400+30:1800+30"]

1. e4 d6 2. d4 Nf6 3. Nc3 Nbd7 4. Nf3 e5 5. g4 {[%emt 0:00:02] C41: Philidor Defence} (5. Bc4 Be7 6. a4 O-O 7. O-O c6 8. Re1 b6 9. h3 a6 10. Ba2 Rb8 11. Be3 b5 12. axb5 axb5 13. b4 Bb7 14. Bb3 exd4 15. Nxd4 d5 16. exd5 Bxb4 17. Bd2 cxd5 18. Ncxb5 Bxd2 19. Qxd2 {½-½ (30) Kryvoruchko,Y (2705)-Laznicka,V (2671) Brest 2018}) 5... Nxg4 6. Rg1 exd4 {[%emt 0:05:11] LiveBook: 42 Games} 7. Bg5 Be7 (7... f6 $11 {remains equal.} 8. Nxd4 Nxf2) 8. Bxe7 Qxe7 {[%emt 0:00:03] [#]} 9. Nd5 $1 Qxe4+ {[%emt 0:01:19] Double Attack} 10. Qe2 Qxe2+ 11. Bxe2 Kd8 ({Predecessor:} 11... Nge5 12. Nxc7+ Kd8 13. Nxa8 {1-0 (21) Blandon Villa,D (2099)-Puche,E Barranquilla 2011}) 12. Rxg4 {[%emt 0:01:09] Double Attack} c6 13. Nf4 ({Reject} 13. Rxd4 $6 cxd5 14. Rxd5 Kc7 $11) 13... g6 14. Nxd4 Re8 15. O-O-O Nb6 16. Rg3 Re4 17. Rf3 Bg4 18. Rg3 Bc8 19. Rf3 Bg4 20. Ng2 Bxf3 21. Bxf3 Re5 22. Ne3 $15 ({White should try} 22. Bxc6 $1 $11 bxc6 23. Nxc6+ Ke8 24. Nxe5 dxe5 25. Ne3) 22... Kc7 23. Ng4 Re7 24. b3 Nd7 25. Bg2 Rae8 26. Kd2 Re4 27. Bxe4 Rxe4 28. Nxc6 bxc6 29. Ne3 Ne5 30. Rh1 Rh4 31. Nf1 Rf4 32. Ke2 g5 33. c4 Nf3 34. Ne3 Nd4+ 35. Kd3 Ne6 36. Ke2 Nd4+ 37. Kd3 Ne6 38. Ke2 Rh4 39. f3 Nd4+ 40. Kf2 Rf4 41. Kg2 Nxf3 42. Rd1 Nh4+ 43. Kg1 h5 44. b4 Nf3+ 45. Kg2 Ne5 46. Rc1 Re4 47. Rc3 Ng4 48. Nf5 Rf4 49. Ng7 Nf6 50. Re3 Kd7 51. Ra3 Ke7 52. Ra5 d5 53. h4 gxh4 54. cxd5 cxd5 55. Rxa7+ Kf8 56. b5 Kxg7 57. b6 Rb4 58. b7 Nd7 59. a4 Nc5 60. a5 Nxb7 61. Ra8 Ra4 62. a6 Nc5 63. a7 Ne6 64. Kh3 Nc7 65. Rd8 Rxa7 66. Kxh4 Kf6 67. Rd6+ Ke5 68. Rd7 f5 69. Kxh5 d4 70. Kh4 Ke4 71. Kg3 Ra3+ 72. Kf2 Nd5 73. Rd8 Ra2+ 74. Kg3 f4+ 75. Kg4 Rg2+ 76. Kh4 Nf6 77. Kh3 Rg8 78. Rd6 Kf3 79. Kh2 Ng4+ 80. Kg1 Nf2+ 81. Kf1 Ra8 82. Ra6 Rxa6 83. Kg1 Ra1+ 84. Kh2 Rh1# 0-1

[Event "Sparkassen Open 2018"]
[Site "Heusenstamm"]
[Date "2018.11.25"]
[Round "6"]
[White "Bomans, Arno"]
[Black "Geske, Julian"]
[Result "1/2-1/2"]
[ECO "A45"]
[WhiteElo "2262"]
[BlackElo "2382"]
[Annotator "NA"]
[PlyCount "28"]
[EventDate "2018.11.22"]
[EventType "swiss"]
[EventCountry "GER"]
[SourceTitle "playchess.com"]
[Source "ChessBase"]
[SourceQuality "1"]
[TimeControl "40/5400+30:1800+30"]

1. d4 Nf6 2. Bg5 e6 3. e4 h6 4. Bxf6 Qxf6 5. c3 d6 6. Bd3 e5 7. Ne2 g6 8. O-O Bg7 9. Nd2 O-O 10. f4 Qe7 11. f5 {[%emt 0:03:15] LiveBook: 9 Games} exd4 12. fxg6 Nc6 $16 (12... dxc3 $11 {remains equal.} 13. Nxc3 Be6) 13. gxf7+ Rxf7 14. Qb3 Ne5 1/2-1/2

[Event "Sparkassen Open 2018"]
[Site "Heusenstamm"]
[Date "2018.11.25"]
[Round "6"]
[White "Hahn, Florian"]
[Black "Krastev, Alexander"]
[Result "1-0"]
[ECO "A37"]
[WhiteElo "2148"]
[BlackElo "2342"]
[Annotator "NA"]
[PlyCount "59"]
[EventDate "2018.11.22"]
[EventType "swiss"]
[EventCountry "GER"]
[SourceTitle "playchess.com"]
[Source "ChessBase"]
[SourceQuality "1"]
[TimeControl "40/5400+30:1800+30"]

1. Nf3 c5 2. c4 g6 3. g3 Bg7 4. Bg2 Nc6 5. Nc3 d6 6. O-O Nh6 7. d4 cxd4 {[%emt 0:00:09] A37: Symmetrical English vs ...g6: 4 Bg2 Bg7 5 Nf3} (7... O-O 8. d5 Na5 9. Nd2 a6 10. Qc2 b5 11. cxb5 axb5 12. Nxb5 Ba6 13. Nc3 Nf5 14. Re1 Nd4 15. Qd1 {½-½ (26) Rakhmanov,A (2665)-Van Wely,L (2669) Zuerich 2017}) 8. Bxh6 Bxh6 9. Nxd4 Bd7 10. c5 dxc5 11. Nxc6 Bxc6 12. Bxc6+ {[%emt 0:00:18] LiveBook: 12 Games} bxc6 13. Qa4 O-O 14. Qxc6 Qb6 $146 ({Predecessor:} 14... Rc8 15. Qa4 {½-½ (51) Bonagura,S (2183)-Bruno,F (2408) Arco 2013}) 15. Nd5 Qxb2 16. Nxe7+ Kh8 17. Qxc5 Bg7 18. e3 Qxa1 19. Rxa1 Bxa1 20. h4 Rfd8 21. h5 Bf6 (21... Kg7 $16 {might work better.} 22. Qc4 Re8) 22. hxg6 hxg6 23. Nd5 Bg7 24. Qc4 Rd7 $2 {[%emt 0:01:36] [#]} (24... Be5 $16) 25. Ne7 $18 Rxe7 26. Qh4+ Kg8 27. Qxe7 a5 28. Qb7 Rd8 29. Kg2 a4 30. Qa7 1-0

[Event "Sparkassen Open 2018"]
[Site "Heusenstamm"]
[Date "2018.11.25"]
[Round "6"]
[White "Farmani Anosheh, Yasha"]
[Black "Khaetsky, Roman"]
[Result "1-0"]
[ECO "C46"]
[WhiteElo "2127"]
[BlackElo "2347"]
[Annotator "NA"]
[PlyCount "93"]
[EventDate "2018.11.22"]
[EventType "swiss"]
[EventCountry "GER"]
[SourceTitle "playchess.com"]
[Source "ChessBase"]
[SourceQuality "1"]
[TimeControl "40/5400+30:1800+30"]

1. e4 e5 2. Nf3 Nc6 3. Nc3 g6 4. d4 exd4 5. Nxd4 Bg7 6. Be3 Nge7 7. Qd2 O-O 8. O-O-O d6 {[%emt 0:04:02] C46: 3 Nc3: Unusual Black 3rd moves} 9. h4 h5 10. f3 Ne5 11. Bh6 {[%emt 0:01:25] LiveBook: 5 Games} a6 (11... b5 12. Bxg7 Kxg7 13. Bxb5 Rb8 14. g4 hxg4 15. h5 Rh8 16. f4 {1-0 (36) Kobalia,M (2651)-Mamedyarov,S (2753) Khanty-Mansiysk 2013}) 12. Be2 b5 13. Bxg7 $146 ({Predecessor:} 13. g4 c5 14. Nf5 gxf5 15. gxf5 Nxf5 16. exf5 Bxf5 {1-0 (30) Ni,H (2528)-Wu,W (2570) Hebei 2001}) 13... Kxg7 14. f4 Ng4 15. f5 Nf6 16. fxg6 fxg6 17. Bf3 $18 Bd7 18. Qg5 b4 19. Nce2 c5 20. Nf5+ Nxf5 21. exf5 Bxf5 22. Bxa8 Qxa8 23. Ng3 Ne4 24. Nxe4 Qxe4 25. Qd2 a5 26. Rde1 Qc4 27. b3 Qc3 28. Qxc3+ bxc3 29. Re3 Bg4 30. Rxc3 Rf2 31. g3 Kf6 32. Re1 Bf5 33. Rd1 Ke6 34. Re3+ Kd7 35. Rd2 Rf1+ 36. Kb2 Kc6 37. c4 a4 38. bxa4 Rb1+ 39. Ka3 Rc1 40. a5 Rxc4 41. Rb3 Kc7 42. a6 Be4 43. a7 Bc6 44. Kb2 d5 45. Rc2 Ra4 46. Rxc5 Kd6 47. Rxc6+ 1-0